 Dungeon Crawl Stone Soup version 0.26.1-2-gb8aa6d0cf2 (webtiles) character file.

Game seed: 15993435116819372644

78 Gadfly the Cudgeller (level 4, -5/66 HPs)
             Began as a Troll Berserker on Feb 27, 2021.
             Was a Believer of Trog.
             Slain by a two-headed ogre
             ... wielding a +0 dire flail
              (14 damage)
             ... on level 3 of the Dungeon.
             The game lasted 00:03:44 (1925 turns).

Gadfly the Cudgeller (Troll Berserker)              Turns: 1925, Time: 00:03:44

Health: -5/66      AC:  6    Str: 25    XL:     4   Next: 15%
Magic:  0/12       EV: 10    Int:  3    God:    Trog [**....]
Gold:   198        SH:  0    Dex: 10    Spells: 3/3 levels left

rFire    . . .     SeeInvis .   a - +0 mace
rCold    . . .     Faith    .   (no shield)
rNeg     . . .     Spirit   +   b - +0 animal skin
rPois    .         Reflect  .   (helmet restricted)
rElec    .         Harm     .   (no cloak)
rCorr    .         Rampage  .   (gloves unavailable)
Will     .....                  (boots unavailable)
Stlth    ..........             e - amulet of guardian spirit
HPRegen  0.61/turn              g - ring of magical power
MPRegen  0.13/turn              (no ring)

@: berserking, very quick
A: large, unfitting armour, claws 3, regeneration 1, shaggy fur 1, tough skin 3
a: Renounce Religion, Berserk, Trog's Hand


You were on level 3 of the Dungeon.
You worshipped Trog.
Trog was pleased with you.
You visited 1 branch of the dungeon, and saw 3 of its levels.

You collected 198 gold pieces.

Inventory:

Hand Weapons
 a - a +0 mace (weapon)
Armour
 b - a +0 animal skin (worn)
Jewellery
 e - an amulet of guardian spirit (around neck)
 g - a ring of magical power (left claw)
Scrolls
 c - 5 scrolls of identify
 f - a scroll of remove curse
 i - a scroll of teleportation {unknown}
Potions
 d - 2 potions of heal wounds
 h - a potion of attraction {unknown}


   Skills:
 - Level 2.4 Fighting
 + Level 3.1 Maces & Flails
 * Level 1.8 Armour
 - Level 2.4 Dodging
 * Level 1.6 Evocations


You had 3 spell levels left.
You didn't know any spells.
Your spell library was empty.

Dungeon Overview and Level Annotations

Branches:
Dungeon (3/15)

Altars:
Ashenzari
Gozag
Zin
The Shining One


Innate Abilities, Weirdness & Mutations

You are too large for most types of armour.
You have claws for hands.
Your natural rate of healing is unusually fast.
You are covered in fur. (AC +1)
You have extremely tough skin. (AC +3)


Message History

The two-headed ogre hits you with a +0 dire flail.
You hit the two-headed ogre.
The two-headed ogre is heavily wounded.
The two-headed ogre misses you.
The two-headed ogre hits you with a +0 dire flail!
* * * LOW HITPOINT WARNING * * *
You barely miss the two-headed ogre.
The two-headed ogre is moderately wounded.
You sock the two-headed ogre!
The two-headed ogre is heavily wounded.
The two-headed ogre barely misses you. The two-headed ogre closely misses you.
You barely miss the two-headed ogre.
The two-headed ogre is heavily wounded.
The two-headed ogre hits you but does no damage.
The two-headed ogre hits you with a +0 dire flail!
* * * LOW HITPOINT WARNING * * *
You sock the two-headed ogre!
The two-headed ogre is severely wounded.
The two-headed ogre hits you with a +0 dire flail!
You die...

........##..###
..............( ### #.(†.# ..
##....# . ... #..##.# ## #.#
##.## ... .# . #.# #lK# #.# ..
## #.# #O## .# #. ##.
#.####@##### #.##.##..
#....#.#... #........
########.#....#.### #....#.#
#......#.##.......#####.##.#.#
#....>.#....##................
#.........####.###########....
#.....................##......
#..........##########.........
#....!.##### ####<.....


You could see a two-headed ogre, a leopard gecko and a kobold.

Vanquished Creatures
  3 worms (D:3)
  A dart slug (D:3)
  A leopard gecko (D:3)
  2 orcs (D:3)
  3 ball pythons
  A giant cockroach (D:3)
  6 goblins
  3 hobgoblins
  4 jackals
  A quokka (D:2)
  8 bats
  7 frilled lizards
  13 kobolds
  12 rats
65 creatures vanquished.

Notes
Turn   | Place    | Note
-------+----------+-------------------------------------------
     0 | D:1      | Gadfly the Troll Berserker began the quest for the Orb.
     0 | D:1      | Reached XP level 1. HP: 22/22 MP: 0/0
    47 | D:1      | Reached XP level 2. HP: 27/29 MP: 1/1
   103 | D:1      | Found a glowing golden altar of the Shining One.
   275 | D:1      | Reached skill level 1 in Armour
   458 | D:1      | Reached skill level 1 in Evocations
   721 | D:2      | Found a glowing silver altar of Zin.
   722 | D:2      | Found an opulent altar of Gozag.
   801 | D:2      | Found a broken altar of Ashenzari.
   877 | D:2      | Reached ** piety under Trog
   878 | D:2      | Reached XP level 3. HP: 36/36 MP: 2/2
  1002 | D:2      | Reached skill level 3 in Maces & Flails
  1211 | D:2      | Found a broken altar of Ashenzari.
  1321 | D:3      | Found a transporter.
  1362 | D:3      | Found a glowing golden altar of the Shining One.
  1377 | D:3      | Found a transporter.
  1781 | D:3      | Reached XP level 4. HP: 44/44 MP: 3/3
  1907 | D:3      | Noticed a two-headed ogre
  1925 | D:3      | Slain by a two-headed ogre

Illustrated notes

Levels and vault maps discovered:
D:1:      amcnicky_arrival_double_pillar, layout_rooms, minmay_misc_feat_cross,
          tso_altar
D:2:      layout_loops_ring, grunt_temple_overflow_gold_and_silver,
          lemuel_doored_altar, evilmike_ruin_ashenzari
D:3:      layout_rooms, gammafunk_temple_overflow_arena,
          nzn_wu_jian_council_hall, kennysheep_generic_room_7

Skill      XL: |  1  2  3 |
---------------+----------+-----
Armour         | 1 |  1.8
Evocations     | 1 |  1.6
Maces & Flails | 3 |  3.1
Fighting       | |  2.4
Dodging        | |  2.4

Action                   |  1- 3 |  4- 6 || total
-------------------------+-------+-------++-------
Melee: Mace              |   156 |    30 ||   186
Invok: Berserk           |     2 |     1 ||     3
  Use: Scroll            |     5 |       ||     5
 Stab: Sleeping          |     1 |       ||     1
Armor: Animal skin       |   123 |     9 ||   132
Dodge: Dodged            |   150 |    22 ||   172
